[Event "Team 45 45 League T42"]
[Site "Internet Chess Club"]
[Date "2009.08.22"]
[Round "4"]
[White "nardz"]
[Black "screamingeagle"]
[Result "1-0"]
[WhiteElo "2052"]
[BlackElo "2031"]
[Opening "Trompowsky attack (Ruth, Opocenský opening)"]
[ECO "A45"]
[Time "10:03:58"]
[TimeControl "2700+45"]

1. d4 Nf6 2. Bg5 Ne4 3. Bf4 c5 4. f3 Qa5+ 5. c3 Nf6 6. d5 Qb6 7. e4 Qxb2 8. Nd2
Qxc3 9. Bc7 d6 10. Ne2 Qa3 11. Rb1 b6 12. Nc1 Qe3+ 13. Be2 Na6 14. Qa4+ Nd7 15.
Qc6 Nxc7 16. Qxc7 g6 17. Rb3 Qg5 18. Bb5 Bh6 19. O-O Qxd2 20. Bc6 O-O 21. Bxd7
Ba6 22. Bb5 Bxb5 23. Rxb5 Qc2 24. f4 Bxf4 25. Rxf4 Qxc1+ 26. Rf1 Qe3+ 27. Kh1
Qxe4 28. Rbb1 Qxd5 29. Qxe7 Qe6 30. Qc7 Rfc8 31. Qb7 Re8 32. a4 d5 33. Rbe1 Qf5
34. Qc6 Rxe1 35. Qxa8+ Kg7 36. Rxe1 Qd7 37. Qe8 Qxe8 38. Rxe8 c4 39. Kg1 a6 40.
Kf2 b5 41. axb5 axb5 42. Rb8 Kf6 43. Rxb5 Ke5 44. Ke3 f5 45. Rb7 f4+ 46. Kd2 h5
47. Kc3 h4 48. Rh7 g5 49. h3 Ke4 50. Re7+ Kf5 51. Kd4 Kf6 52. Re5 Kg6 53. Rxd5
{Black resigns} 1-0

[Event "Team 45 45 League T42"]
[Site "Internet Chess Club"]
[Date "2009.08.21"]
[Round "4"]
[White "Denis"]
[Black "onslaught"]
[Result "1/2-1/2"]
[WhiteElo "2349"]
[BlackElo "2158"]
[Opening "Queen's Indian: Capablanca variation"]
[ECO "E16"]
[Time "22:00:30"]
[TimeControl "2700+45"]

1. d4 Nf6 2. c4 e6 3. Nf3 b6 4. g3 Bb7 5. Bg2 Bb4+ 6. Bd2 Bxd2+ 7. Qxd2 O-O 8.
Nc3 Ne4 9. Qd3 Nxc3 10. Ng5 Ne4 11. Bxe4 Bxe4 12. Qxe4 Qxg5 13. Qxa8 Nc6 14. Qb7
Nxd4 15. Rd1 c5 16. Rd2 d5 17. Qxa7 Qe5 18. Kf1 Qg5 19. f4 Qf5 20. Kf2 e5 21.
Qc7 Re8 22. cxd5 e4 {Game drawn by mutual agreement} 1/2-1/2

[Event "Team 45 45 League T42"]
[Site "Internet Chess Club"]
[Date "2009.08.22"]
[Round "4"]
[White "NFork"]
[Black "menorca"]
[Result "1-0"]
[WhiteElo "2241"]
[BlackElo "2083"]
[Opening "English: Neo-Catalan"]
[ECO "A13"]
[Time "10:00:07"]
[TimeControl "2700+45"]

1. c4 e6 2. Nf3 d5 3. g3 Nf6 4. Bg2 c5 5. O-O Nc6 6. cxd5 exd5 7. d4 Be6 8. Nc3
a6 9. Bg5 Be7 10. Bxf6 Bxf6 11. dxc5 Bxc3 12. bxc3 O-O 13. Nd4 Qe7 14. Nxc6 bxc6
15. Qd4 Rab8 16. a4 Rb2 17. Rfe1 f5 18. Qe5 Qf6 19. Qd6 Bf7 20. Qxf6 gxf6 21. e3
Rfb8 22. Bf1 a5 23. Bd3 Rd2 24. Bxf5 Rbb2 25. Rf1 Bg6 26. Be6+ Kg7 27. Rad1 Rdc2
28. Bd7 Rxc3 29. Rc1 Rbc2 30. Rxc2 Rxc2 31. Bxc6 Rxc5 32. Bb5 Kf7 33. Rd1 Be4
34. Be2 Ke7 35. f3 Bc2 36. Rd4 Rc3 37. Kf2 Ke6 38. Bb5 Bf5 39. Ke2 Rc2+ 40. Rd2
Rc3 41. e4 dxe4 42. Bd7+ Ke7 43. Bxf5 exf3+ 44. Kf2 Ra3 45. Bd7 {Black resigns}
1-0

[Event "Team 45 45 League T42"]
[Site "Internet Chess Club"]
[Date "2009.08.22"]
[Round "4"]
[White "kingcapture"]
[Black "RedAttack"]
[Result "1-0"]
[WhiteElo "2310"]
[BlackElo "1978"]
[Opening "Philidor: exchange variation"]
[ECO "C41"]
[Time "12:19:55"]
[TimeControl "2700+45"]

1. e4 e5 2. Nf3 d6 3. d4 exd4 4. Nxd4 Bd7 5. Nc3 Be7 6. Bc4 Nf6 7. O-O Nc6 8. f4
Bg4 9. Nf3 O-O 10. Qe1 Bxf3 11. gxf3 Nd7 12. Kh1 Nb6 13. Bb3 Kh8 14. Qg3 Bf6 15.
Be3 Bxc3 16. bxc3 f5 17. Be6 fxe4 18. fxe4 Qf6 19. f5 Qxc3 20. Rg1 Qe5 21. Bf4
Qf6 22. c3 Rae8 23. Rg2 Rxe6 24. fxe6 Ne7 25. e5 Qg6 26. exd6 Qxg3 27. Bxg3 cxd6
28. Bxd6 Re8 29. Rf1 Ng6 30. e7 Nd7 31. Rxg6 hxg6 32. Rf8+ Nxf8 33. exf8=Q+ Rxf8
34. Bxf8 Kg8 35. Bc5 a6 36. Kg2 Kf7 37. Kf3 g5 38. Ke4 Ke6 39. Bd4 g6 40. Be3
Kf6 41. a4 b5 42. axb5 axb5 43. h3 {Black resigns} 1-0

[Event "Team 45 45 League T42"]
[Site "Internet Chess Club"]
[Date "2009.08.22"]
[Round "4"]
[White "SlimeDog2"]
[Black "gyoung"]
[Result "1/2-1/2"]
[WhiteElo "2222"]
[BlackElo "2315"]
[Opening "Dutch: Leningrad variation"]
[ECO "A87"]
[Time "00:01:12"]
[TimeControl "2700+45"]

1. d4 f5 2. c4 Nf6 3. g3 g6 4. Bg2 Bg7 5. Nc3 d6 6. Nf3 O-O 7. O-O Qe8 8. Nd5
Nxd5 9. cxd5 Qb5 10. Ng5 h6 11. Ne6 Bxe6 12. dxe6 d5 13. a4 Qc4 14. e3 c6 15. b3
Qa6 16. Ba3 Qb6 17. Bxe7 Re8 18. Bc5 Qc7 19. e7 Bf6 20. g4 Qd7 21. Qf3 Bxe7 22.
Bxe7 Rxe7 23. gxf5 Qxf5 24. Qxf5 gxf5 25. Bh3 Rf7 26. Kg2 Na6 27. f4 Nc7 28. Kf2
Ne8 29. Rg1+ Kh7 30. Rg3 Nd6 31. Bg2 Rg8 32. Rxg8 Kxg8 33. Rg1 Rg7 34. a5 Nc8
35. Rc1 Ne7 36. Bf3 Kf7 37. Bh5+ Ke6 38. Ra1 Rg8 39. b4 Rg7 40. Rc1 a6 41. Bf3
Nc8 42. Rc5 Nd6 43. Bh1 Nc4 44. Bf3 Kd6 45. Be2 Na3 46. Bd3 Rf7 47. Rc1 Ke6 48.
Kf3 Rg7 49. Rc3 Nb5 50. Bxb5 cxb5 51. Rc8 Rh7 52. Rg8 Kf6 53. Rf8+ Ke6 54. Kg3
Rc7 55. Rh8 Rc4 56. Rh7 Rxb4 57. Rxb7 Rb3 58. Kf3 Ra3 59. Rb6+ Kd7 60. Rxa6 Kc7
61. h4 h5 62. Ke2 Ra2+ 63. Kd3 b4 64. Rb6 Rxa5 65. Rxb4 Ra2 66. Rb5 Kc6 67. Rb8
Rh2 68. Rf8 Rxh4 69. Rxf5 Rh2 70. Rf6+ Kd7 71. Rh6 Ke7 72. Kc3 Rh3 73. Kd3 Rh2
74. f5 h4 75. Kc3 Rf2 76. Kb4 Rxf5 77. Kc5 Rf3 78. Rxh4 Rxe3 79. Kxd5 Ra3 80.
Rh7+ Kd8 81. Ke5 Ra6 82. d5 Rb6 83. Ra7 Rh6 84. d6 Rh1 85. Ra8+ Kd7 86. Ra7+ Kd8
87. Rf7 Re1+ 88. Kd5 Rd1+ {Game drawn by mutual agreement} 1/2-1/2

[Event "Team 45 45 League T42"]
[Site "Internet Chess Club"]
[Date "2009.08.29"]
[Round "4"]
[White "Zkid"]
[Black "GaShMa"]
[Result "0-1"]
[WhiteElo "2259"]
[BlackElo "2296"]
[Opening "Four knights: Schultze-Müller gambit"]
[ECO "C47"]
[Time "00:01:47"]
[TimeControl "2700+45"]

1. e4 e5 2. Nf3 Nc6 3. Nc3 Nf6 4. Nxe5 Nxe5 5. d4 Ng6 6. e5 Ng8 7. Bc4 d5 8.
Bxd5 c6 9. Bb3 Bb4 10. O-O Bxc3 11. bxc3 Be6 12. f4 Qd7 13. Ba3 N8e7 14. c4 a5
15. d5 cxd5 16. cxd5 Bxd5 17. f5 Nxe5 18. Bxe7 Bxb3 19. Bd6 Bxc2 20. Qd4 O-O-O
21. Qc3+ Nc6 22. Bc5 Qd3 23. Qxg7 Qd5 24. Qc3 Qd2 25. Qh3 Rhg8 26. Rf2 Qd3 27.
Qxh7 Qc3 28. Rc1 Qxc5 {White resigns} 0-1

[Event "Team 45 45 League T42"]
[Site "Internet Chess Club"]
[Date "2009.08.24"]
[Round "4"]
[White "AMAV"]
[Black "chiiwen"]
[Result "0-1"]
[WhiteElo "2074"]
[BlackElo "2112"]
[Opening "Queen's pawn game"]
[ECO "D04"]
[Time "23:00:24"]
[TimeControl "2700+45"]

1. Nf3 d5 2. d4 Nf6 3. e3 c6 4. Nbd2 e6 5. Ne5 Nbd7 6. f4 Be7 7. Bd3 O-O 8. O-O
Ne8 9. Qh5 f5 10. Rf3 Nef6 11. Qh3 Nxe5 12. fxe5 Ne4 13. g4 Ng5 14. Qg2 Nxf3+
15. Nxf3 Qe8 16. Bd2 Qg6 17. h3 Bd7 18. Kh1 Be8 19. Rg1 h5 20. Nh2 hxg4 21. Nxg4
Kh8 22. Qh2 Qh5 23. Nf2 Rc8 24. c3 Rc7 25. Bc2 Bh4 26. Bd1 Qh7 27. Nd3 g5 28.
Be1 Bxe1 29. Nxe1 Rg8 30. Nd3 Qh6 31. h4 Rh7 32. Qg3 Qxh4+ 33. Qxh4 Rxh4+ 34.
Kg2 b6 35. b4 Bh5 36. Bxh5 Rxh5 37. Rh1 Rxh1 38. Kxh1 Kg7 39. Kg2 Rh8 40. a4 Kg6
41. a5 Rh7 42. a6 Kh5 43. Kg3 Rc7 44. Kh3 Rc8 45. Kg3 Rf8 46. Kf3 Kh4 47. Ne1
Kh3 48. Nd3 Rg8 49. Kf2 Rg7 50. Ke2 Kg3 51. Nb2 Rh7 52. Kd3 Rh2 53. Nd1 Ra2 54.
c4 Ra3+ 55. Nc3 dxc4+ 56. Kxc4 Rxc3+ 57. Kxc3 Kf3 58. b5 cxb5 59. d5 g4 60. dxe6
g3 61. e7 g2 62. e8=Q g1=Q 63. e6 Qxe3+ 64. Kb2 Qd4+ 65. Kb1 Qb4+ 66. Kc2 Qc4+
67. Kb2 Qe2+ 68. Kb1 Qd1+ 69. Kb2 Qd2+ 70. Kb1 Qb4+ 71. Kc2 Qa4+ 72. Kc3 b4+
{White resigns} 0-1

[Event "Team 45 45 League T42"]
[Site "Internet Chess Club"]
[Date "2009.08.20"]
[Round "4"]
[White "evan94131"]
[Black "adh2050"]
[Result "1/2-1/2"]
[WhiteElo "1872"]
[BlackElo "2049"]
[Opening "Sicilian: accelerated fianchetto, Breyer variation"]
[ECO "B39"]
[Time "12:17:28"]
[TimeControl "2700+45"]

1. e4 c5 2. Nf3 g6 3. d4 cxd4 4. Nxd4 Bg7 5. c4 Nc6 6. Be3 Nf6 7. Nc3 Ng4 8.
Qxg4 Nxd4 9. Qd1 e5 10. Bd3 O-O 11. O-O d6 12. a4 Nc6 13. Nd5 Be6 14. Qd2 Nd4
15. Rab1 f5 16. f4 fxe4 17. Bxe4 Bf5 18. Nc3 Bxe4 19. Nxe4 Rc8 20. Bxd4 exd4 21.
b3 d5 22. cxd5 Qxd5 23. Qd3 Bh6 24. g3 Bg7 25. Rbc1 Rfe8 26. Rxc8 Rxc8 27. Rf2
h6 28. Rc2 Rxc2 29. Qxc2 d3 30. Qc4 Bd4+ 31. Kf1 Qxc4 32. bxc4 Be3 33. Nf2 d2
34. Nd1 Bc5 35. Ke2 Bg1 36. h3 h5 37. Kf1 Bc5 {Game drawn by mutual agreement}
1/2-1/2

[Event "Team 45 45 League T42"]
[Site "Internet Chess Club"]
[Date "2009.08.20"]
[Round "4"]
[White "RingLord"]
[Black "b-spot"]
[Result "0-1"]
[WhiteElo "1696"]
[BlackElo "1757"]
[Opening "Sicilian"]
[ECO "B50"]
[Time "18:04:00"]
[TimeControl "2700+45"]

1. e4 c5 2. Nf3 d6 3. Bd3 Nc6 4. c3 Bg4 5. h3 Bh5 6. g4 Bg6 7. Bc2 e5 8. d3 Nf6
9. Nbd2 Be7 10. Nf1 h6 11. Ng3 Nh7 12. O-O Ng5 13. Kg2 Ne6 14. Ne2 Qd7 15. Ba4
a6 16. Bb3 O-O 17. Be3 Qd8 18. Qd2 Kh7 19. h4 Bxh4 20. Rh1 Bf6 21. Bxh6 Rh8 22.
Bxe6 fxe6 23. Ng5+ Kg8 24. Nxe6 Qd7 25. g5 Qxe6 26. gxf6 gxh6 27. Rh3 Qxf6 28.
Rah1 h5 29. Rf3 Qe6 30. Ng3 Qg4 31. Qe2 Rh7 32. Kf1 Rf7 33. Nf5 Bxf5 34. exf5
Rg7 35. Ke1 Qg5 36. Kd1 Rf8 37. Qe4 Ne7 38. f6 Rxf6 39. Rg3 Qf5 40. Rxg7+ Kxg7
41. Rg1+ Kf7 42. Rg2 Qxe4 43. dxe4 Rh6 44. Ke2 Ng6 45. Kf3 Nh4+ {White resigns}
0-1

[Event "Team 45 45 League T42"]
[Site "Internet Chess Club"]
[Date "2009.08.23"]
[Round "4"]
[White "dougmo"]
[Black "chesskix"]
[Result "1/2-1/2"]
[WhiteElo "1511"]
[BlackElo "1420"]
[Opening "Sicilian: closed"]
[ECO "B23"]
[Time "13:00:42"]
[TimeControl "2700+45"]

1. e4 c5 2. Nc3 g6 3. f4 Bg7 4. Nf3 Nc6 5. Bb5 a6 6. Bxc6 dxc6 7. e5 Nh6 8. O-O
Nf5 9. d3 Nd4 10. Nxd4 cxd4 11. Ne4 f5 12. exf6 exf6 13. Bd2 O-O 14. Qf3 Be6 15.
Qf2 b6 16. Rae1 Re8 17. Ng3 f5 18. Ne2 c5 19. b3 a5 20. a4 Ra7 21. Kh1 Rae7 22.
Ng1 Bf6 23. Nf3 Bc8 24. Rxe7 Rxe7 25. Re1 Rxe1+ 26. Qxe1 Bb7 27. Qe6+ Kg7 28.
Ne5 Bd5 29. Qd7+ Qxd7 30. Nxd7 Bd8 31. c4 Bb7 32. Kg1 Kf7 33. Kf2 Ke6 34. Ne5
Bc7 35. Nf3 h6 36. h4 Kf6 37. Nh2 h5 38. Nf3 Bd6 39. Ng5 {Game drawn by mutual
agreement} 1/2-1/2

[Event "Team 45 45 League T42"]
[Site "Internet Chess Club"]
[Date "2009.08.20"]
[Round "4"]
[White "SCUGrad"]
[Black "Giacometti"]
[Result "0-1"]
[WhiteElo "1310"]
[BlackElo "1773"]
[Opening "Caro-Kann: advance variation"]
[ECO "B12"]
[Time "20:00:06"]
[TimeControl "2700+45"]

1. e4 c6 2. d4 d5 3. e5 c5 4. dxc5 e6 5. Qg4 Nd7 6. Bb5 h5 7. Qg3 Qa5+ 8. Nc3 d4
9. Bxd7+ Bxd7 10. Bd2 dxc3 11. Bxc3 Qxc5 12. Nf3 Ne7 13. O-O Nf5 14. Qf4 Be7 15.
Rad1 Bc6 16. b4 {White resigns} 0-1

[Event "Team 45 45 League T42"]
[Site "Internet Chess Club"]
[Date "2009.08.23"]
[Round "4"]
[White "Monsieur"]
[Black "Esslinger"]
[Result "1-0"]
[WhiteElo "1589"]
[BlackElo "1385"]
[Opening "King's Indian defense, 3.Nc3"]
[ECO "E61"]
[Time "17:01:07"]
[TimeControl "2700+45"]

1. d4 Nf6 2. c4 g6 3. Nc3 Bg7 4. g3 d6 5. Bg2 O-O 6. f4 c6 7. e4 Be6 8. d5 cxd5
9. cxd5 Bd7 10. Nf3 Qb6 11. Qe2 Na6 12. Be3 Qc7 13. O-O Rfc8 14. Rac1 Qd8 15. h3
Nc5 16. Bd4 Nfxe4 17. Nxe4 a6 18. Rfd1 Nxe4 19. Qxe4 Bf5 20. Qe3 Rxc1 21. Rxc1
Rc8 22. g4 Bd7 23. Bxg7 Kxg7 24. Re1 Kf8 25. f5 Rc2 26. Qh6+ Ke8 27. Qg7 Qb6+
28. Kh1 Kd8 29. f6 e5 30. Ng5 Qf2 31. Rg1 Bb5 32. Nxf7+ Kc7 33. Nxd6+ Kb6 34.
Qxb7+ Ka5 35. Nxb5 axb5 36. b4+ Kxb4 37. Qe7+ Ka5 38. f7 Rc3 39. f8=Q Rxh3+ 40.
Bxh3 {Black resigns} 1-0

[Event "Team 45 45 League T42"]
[Site "Internet Chess Club"]
[Date "2009.08.21"]
[Round "4"]
[White "AndersO"]
[Black "Dr-Checkmate"]
[Result "1-0"]
[WhiteElo "1423"]
[BlackElo "1553"]
[Opening "Scandinavian defense"]
[ECO "B01"]
[Time "18:00:12"]
[TimeControl "2700+45"]

1. e4 d5 2. exd5 Nf6 3. d4 Bg4 4. Be2 Bxe2 5. Nxe2 Qxd5 6. O-O Nc6 7. Nbc3 Qd7
8. Be3 O-O-O 9. Qd2 e6 10. a3 Bc5 11. Rfd1 Bb6 12. b4 Nd5 13. Nxd5 Qxd5 14. Qd3
Qf5 15. Qxf5 exf5 16. c3 Rhe8 17. a4 a5 18. b5 Ne7 19. c4 Ng6 20. g3 Re4 21. c5
Bxc5 22. dxc5 Rxd1+ 23. Rxd1 Rxa4 24. Bg5 f6 25. Be3 Ne5 26. Kg2 Nc4 27. Nf4 Ra2
28. Kg1 a4 29. Ne6 Kb8 30. b6 {Black resigns} 1-0

[Event "Team 45 45 League T42"]
[Site "Internet Chess Club"]
[Date "2009.08.23"]
[Round "4"]
[White "cobra2008"]
[Black "kingsrook"]
[Result "1-0"]
[WhiteElo "1546"]
[BlackElo "1305"]
[Opening "Caro-Kann: classical, 7...Nd7"]
[ECO "B19"]
[Time "13:00:05"]
[TimeControl "2700+45"]

1. e4 c6 2. d4 d5 3. Nc3 dxe4 4. Nxe4 Bf5 5. Ng3 Bg6 6. h4 h6 7. Nf3 Nd7 8. Bd3
Bxd3 9. Qxd3 e6 10. Bd2 Qc7 11. O-O-O Ngf6 12. Ne4 O-O-O 13. g3 Nxe4 14. Qxe4
Nf6 15. Qe2 Bd6 16. Kb1 Rhe8 17. Rhe1 Kb8 18. Ne5 Bxe5 19. dxe5 Nd5 20. Qg4 Rg8
21. Qc4 Nb6 22. Qe4 Nd7 23. f3 Nc5 24. Qc4 Nd7 25. Qd4 Nf8 26. Qc3 Nd7 27. Re4
Nb6 28. Rd4 Rxd4 29. Qxd4 Nd5 30. c4 Ne7 31. Bb4 Nf5 32. Qd7 Qb6 33. Qxf7 Rd8
34. Bd6+ Nxd6 35. exd6 a6 36. Qxg7 Ka7 37. Qxh6 Qc5 38. Qxe6 Qf2 39. Qf6 Qe2 40.
Qd4+ b6 41. Qd3 Qe5 42. Qh7+ Ka8 43. Qc7 Qf5+ 44. Kc1 {Black forfeits on time}
1-0

[Event "Team 45 45 League T42"]
[Site "Internet Chess Club"]
[Date "2009.08.25"]
[Round "4"]
[White "badmove"]
[Black "BrandonBee"]
[Result "1/2-1/2"]
[WhiteElo "1549"]
[BlackElo "1477"]
[Opening "Sicilian defense"]
[ECO "B20"]
[Time "15:30:07"]
[TimeControl "2700+45"]

1. e4 c5 2. d3 e6 3. Nf3 Nc6 4. g3 Qc7 5. Bg2 Nf6 6. c3 d6 7. O-O Be7 8. Re1 O-O
9. Nbd2 Rb8 10. d4 cxd4 11. cxd4 b6 12. a3 Bb7 13. b4 a6 14. Bb2 Rfe8 15. Rc1
Qd7 16. Bh3 d5 17. e5 Ne4 18. Nxe4 dxe4 19. Nd2 Bg5 20. Bg2 {Game drawn by
mutual agreement} 1/2-1/2

[Event "Team 45 45 League T42"]
[Site "Internet Chess Club"]
[Date "2009.08.21"]
[Round "4"]
[White "Makaen"]
[Black "hooverman4"]
[Result "0-1"]
[WhiteElo "1456"]
[BlackElo "1582"]
[Opening "French: King's Indian attack"]
[ECO "C00"]
[Time "18:02:31"]
[TimeControl "2700+45"]

1. e4 e6 2. d3 h6 3. Nf3 c6 4. Nbd2 a5 5. g3 b6 6. Bg2 Na6 7. c3 Bb7 8. O-O b5
9. Re1 Bc5 10. d4 Bb6 11. Nf1 Ne7 12. Ne5 d6 13. Nf3 Ng6 14. e5 d5 15. h4 Rc8
16. h5 Ne7 17. Nh4 c5 18. Qg4 Rg8 19. Be3 Rc6 20. Rad1 Bc8 21. Qe2 c4 22. Rb1
Nf5 23. Nxf5 exf5 24. Bf4 Be6 25. Bh3 g5 26. hxg6 fxg6 27. Nd2 Kd7 28. Nf3 g5
29. Bd2 g4 30. Bxg4 fxg4 31. Nh4 Qf8 32. Bf4 Bd8 33. Ng2 h5 34. Qe3 Qf5 35. Nh4
Bxh4 36. gxh4 Qd3 37. Qg3 Qxg3+ 38. fxg3 Bf5 39. Rbc1 Nc7 40. Re3 Ne6 41. Rf1
Nxf4 42. Rxf4 Rf8 43. Kf2 Ke6 44. Ke1 Rb6 45. Kd2 b4 46. Rf2 a4 47. cxb4 Rxb4
48. Kc3 Rbb8 49. a3 Rb3+ 50. Kd2 Rxb2+ 51. Ke1 Rxf2 52. Kxf2 Bd3+ 53. Ke1 Rf1+
54. Kd2 Ra1 55. Kc3 Rxa3+ 56. Kb4 Ra1 57. Kc3 a3 58. Kd2 Rb1 59. Kc3 a2 60. Rxd3
a1=Q+ 61. Kd2 cxd3 62. Ke3 Re1+ 63. Kf4 Qc1# {White checkmated} 0-1

[Event "Team 45 45 League T42"]
[Site "Internet Chess Club"]
[Date "2009.08.24"]
[Round "4"]
[White "ZacAttack99"]
[Black "Marichan"]
[Result "1/2-1/2"]
[WhiteElo "1477"]
[BlackElo "1918"]
[Opening "King's Indian: East Indian defense"]
[ECO "A48"]
[Time "18:00:24"]
[TimeControl "2700+45"]

1. d4 Nf6 2. Nf3 g6 3. e3 d6 4. Bd3 Bg7 5. O-O O-O 6. b3 Nc6 7. a3 e5 8. dxe5
Nxe5 9. Bb2 Nxd3 10. Qxd3 Bf5 11. Qe2 Qd7 12. c4 Rae8 13. Nbd2 Ne4 14. Nxe4 Bxe4
15. Bxg7 Kxg7 16. Nd4 b6 17. Qb2 f6 18. Qc3 Bb7 19. Rad1 Qg4 20. f3 Qg5 21. e4
Qe5 22. Qe3 f5 23. Nb5 Rf7 24. Nxa7 fxe4 25. fxe4 Rxf1+ 26. Rxf1 Qxe4 27. Qxe4
Rxe4 28. Nb5 Re2 29. Rf2 Re7 30. h3 Bc6 31. Nd4 Bd7 32. Re2 Rxe2 33. Nxe2 Kf6
34. Kf2 Ke5 35. Ke3 Bc6 36. g3 Be4 37. Nc3 Bc2 38. b4 c6 39. a4 d5 40. cxd5 cxd5
41. Kd2 Bf5 42. a5 bxa5 43. bxa5 Bc8 44. Na4 Kd4 45. Nb6 Ba6 46. Nd7 Kc4 47. Nf8
Kb4 48. Nxh7 Kxa5 49. h4 Bc8 50. Nf8 Bf5 51. Ke3 Kb5 52. Kd4 Kc6 53. Nh7 Be4 54.
Nf6 Bf3 55. g4 Kd6 56. h5 Ke6 57. Nh7 gxh5 58. gxh5 Ke7 59. Ng5 Bg2 60. h6 Kf6
61. h7 Kg7 62. Ne6+ Kxh7 63. Nf4 Be4 64. Nxd5 {Game drawn because neither player
has mating material} 1/2-1/2

[Event "Team 45 45 League T42"]
[Site "Internet Chess Club"]
[Date "2009.08.22"]
[Round "4"]
[White "Emrebey"]
[Black "Karan99"]
[Result "1-0"]
[WhiteElo "1629"]
[BlackElo "1408"]
[Opening "English: Carls' Bremen system"]
[ECO "A22"]
[Time "12:13:42"]
[TimeControl "2700+45"]

1. c4 e5 2. Nc3 Nf6 3. g3 Bc5 4. Bg2 O-O 5. d3 Nc6 6. Nf3 d6 7. O-O Bf5 8. a3 a5
9. Rb1 Qd7 10. Bg5 Nh5 11. Nd5 Rac8 12. b4 axb4 13. axb4 Ba7 14. b5 Nd4 15. Ne7+
Kh8 16. Nxc8 Qxc8 17. Nxd4 Bxd4 18. e3 Bb6 19. Qxh5 f6 20. e4 Bg6 21. Qh4 fxg5
22. Qxg5 Qe6 23. Kh1 Qf7 24. f4 Be3 25. Rbe1 h6 26. Qh4 exf4 27. Rxe3 fxe3 28.
Rxf7 Rxf7 29. Qg4 Rf2 30. Qd1 Bh5 31. Qe1 Re2 32. Qf1 Rf2 33. Qg1 Re2 34. h3 Rf2
35. g4 Bg6 36. Qe1 {Black resigns} 1-0

[Event "Team 45 45 League T42"]
[Site "Internet Chess Club"]
[Date "2009.08.22"]
[Round "4"]
[White "AntMantis"]
[Black "OOB1"]
[Result "0-1"]
[WhiteElo "1610"]
[BlackElo "1514"]
[Opening "QGD: 3...Nf6"]
[ECO "D35"]
[Time "23:28:39"]
[TimeControl "2700+45"]

1. d4 d5 2. c4 e6 3. Nc3 Nf6 4. e3 a6 5. Nf3 c5 6. cxd5 Nxd5 7. Be2 Be7 8. O-O
O-O 9. a3 b5 10. dxc5 Nxc3 11. bxc3 Bxc5 12. Qc2 Bb7 13. Rd1 Qc7 14. Ng5 g6 15.
Bb2 Be7 16. Ne4 Nd7 17. c4 Rac8 18. Qc3 f6 19. Ng5 Ne5 20. f4 Nxc4 21. Bxc4 Qxc4
22. Qxc4 Rxc4 23. Nxe6 Re8 24. Rd7 Bc6 25. Rd2 Bxa3 26. Bxa3 Rxe6 27. Kf2 Rc3
28. Re2 a5 29. Bb2 Rb3 30. Bd4 a4 31. Rc2 Bd5 32. g3 Kf7 33. h4 Rc6 34. Rac1
Rxc2+ 35. Rxc2 Bc4 36. Rb2 a3 37. Rxb3 Bxb3 38. Ke2 Bc4+ 39. Kd2 a2 40. Kc2 f5
41. Kb2 Ke6 42. Ka3 Kd5 43. Kb4 Ke4 44. Ka3 Kf3 45. Kb2 Kxg3 46. Ka3 Kxh4 47.
Kb4 Kg3 48. Kc5 h5 49. Kd6 h4 50. Ke5 h3 51. Kf6 h2 52. Kxg6 h1=Q 53. Kxf5 Bd3+
54. Ke5 Qe4+ 55. Kd6 Qxd4+ 56. exd4 Kxf4 57. Kc7 a1=Q 58. d5 Qe5+ 59. d6 b4
{White resigns} 0-1

[Event "Team 45 45 League T42"]
[Site "Internet Chess Club"]
[Date "2009.08.21"]
[Round "4"]
[White "otib2006"]
[Black "KoalieAwe"]
[Result "0-1"]
[WhiteElo "1256"]
[BlackElo "1413"]
[Opening "Queen's pawn game"]
[ECO "D05"]
[Time "17:02:34"]
[TimeControl "2700+45"]

1. d4 d5 2. Nf3 Nf6 3. e3 e6 4. Bd3 Be7 5. O-O O-O 6. Nbd2 Nc6 7. b3 b6 8. Bb2
Bb7 9. Qe2 Nb4 10. c4 Nxd3 11. Qxd3 Ne4 12. Ne5 Bf6 13. f3 Bxe5 14. fxe4 dxe4
15. Nxe4 Bxh2+ 16. Kxh2 Qh4+ 17. Kg1 Bxe4 18. Qe2 Qg3 19. Qf2 Qg6 20. Rac1 Rad8
21. c5 Rd5 22. cxb6 Rg5 23. g3 Rxg3+ 24. Kh2 Rg2+ 25. Kh3 Qg4# {White
checkmated} 0-1

[Event "Team 45 45 League T42"]
[Site "Internet Chess Club"]
[Date "2009.08.23"]
[Round "4"]
[White "jorobo"]
[Black "Majamutu"]
[Result "1-0"]
[WhiteElo "2191"]
[BlackElo "2018"]
[Opening "English: four knights, kingside fianchetto"]
[ECO "A29"]
[Time "14:15:13"]
[TimeControl "2700+45"]

1. c4 Nf6 2. Nc3 e5 3. Nf3 Nc6 4. g3 Bb4 5. Bg2 O-O 6. O-O e4 7. Ng5 Bxc3 8.
bxc3 Re8 9. f3 exf3 10. Nxf3 d5 11. cxd5 Qxd5 12. Nd4 Qh5 13. Nxc6 bxc6 14. e3
Bg4 15. Qa4 Re6 16. Bxc6 Rd8 17. Bg2 Be2 18. Rf4 g5 19. Rd4 Rxd4 20. Qxd4 Ng4
21. h3 Ne5 22. Rb1 f6 23. Ba3 Nf3+ 24. Bxf3 Qxf3 25. Qd8+ Kf7 26. Qxc7+ Kg6 27.
Bf8 Re5 28. Qg7+ Kf5 29. Qxh7+ Ke6 30. Qe7+ Kf5 31. g4+ Ke4 32. Qb7+ Rd5 33.
Rb4+ Kd3 34. Qxd5+ Qxd5 35. Rd4+ Qxd4 36. exd4 Kxd2 37. d5 Kxc3 38. d6 Bb5 39.
Bg7 Kb2 40. Bxf6+ Kxa2 41. Bxg5 Bd7 42. h4 {Black resigns} 1-0

[Event "Team 45 45 League T42"]
[Site "Internet Chess Club"]
[Date "2009.08.23"]
[Round "4"]
[White "cesaralexander"]
[Black "chess92192"]
[Result "1/2-1/2"]
[WhiteElo "2062"]
[BlackElo "1952"]
[Opening "Queen's pawn: Keres defense"]
[ECO "A40"]
[Time "14:00:19"]
[TimeControl "2700+45"]

1. d4 e6 2. c4 b6 3. Nc3 Bb7 4. e3 f5 5. Nf3 Nf6 6. Be2 Be7 7. O-O O-O 8. a3 a5
9. b3 Na6 10. Bb2 c6 11. Qc2 d5 12. cxd5 cxd5 13. Rac1 Rc8 14. Qb1 Ne4 15. Nxe4
fxe4 16. Rxc8 Bxc8 17. Ne5 Nb8 18. Rc1 Bd6 19. Qc2 Nd7 20. g3 Qf6 21. Bf1 Nxe5
22. dxe5 Bxe5 23. Bxe5 Qxe5 24. b4 Qf6 25. bxa5 bxa5 26. Qd2 Bd7 {Game drawn by
mutual agreement} 1/2-1/2

[Event "Team 45 45 League T42"]
[Site "Internet Chess Club"]
[Date "2009.08.24"]
[Round "4"]
[White "trucazzo"]
[Black "RD1974"]
[Result "1-0"]
[WhiteElo "2083"]
[BlackElo "1648"]
[Opening "Queen's pawn game, Chigorin variation"]
[ECO "D02"]
[Time "15:02:05"]
[TimeControl "2700+45"]

1. d4 d5 2. Nf3 Nc6 3. c4 Bg4 4. Nc3 e6 5. cxd5 exd5 6. Bf4 Bxf3 7. gxf3 Nf6 8.
Qd2 Be7 9. O-O-O O-O 10. Rg1 Nh5 11. e4 dxe4 12. d5 Nxf4 13. Qxf4 Bd6 14. Qh6
Be5 15. dxc6 Qe7 16. Nxe4 Qb4 17. Nf6+ Bxf6 18. Qxf6 Qc5+ 19. Kb1 g6 20. Rc1
Qxf2 21. cxb7 Rab8 22. Ba6 Qxh2 23. Rh1 Qg2 24. Rcg1 Qf2 25. Rxg6+ fxg6 26. Bc4+
Rf7 27. Bxf7+ Kf8 28. Be6+ Ke8 29. Qf7+ Kd8 30. Qd7# {Black checkmated} 1-0

[Event "Team 45 45 League T42"]
[Site "Internet Chess Club"]
[Date "2009.08.19"]
[Round "4"]
[White "f5"]
[Black "imgr8"]
[Result "1/2-1/2"]
[WhiteElo "2165"]
[BlackElo "2000"]
[Opening "Trompowsky attack (Ruth, Opocenský opening)"]
[ECO "A45"]
[Time "17:09:43"]
[TimeControl "2700+45"]

1. d4 Nf6 2. Bg5 c5 3. Bxf6 gxf6 4. d5 b5 5. e4 Qb6 6. c3 d6 7. Ne2 f5 8. Nd2
Bg7 9. Ng3 fxe4 10. Ndxe4 b4 11. Nh5 Bh6 12. Bc4 Bf5 13. Qe2 Nd7 14. O-O Ne5 15.
Bb5+ Kf8 16. Neg3 Bg4 17. f3 Bxh5 18. Nxh5 c4+ 19. Kh1 Qxb5 20. f4 Nd7 21. Rad1
Re8 22. Ng3 Nf6 23. Nf5 Bg7 24. Qf3 Rg8 25. g4 bxc3 26. bxc3 Qd7 27. Ne3 Rc8 28.
g5 Ne8 29. Rc1 Nc7 30. Qe4 Nb5 31. Nd1 Qh3 32. Rf3 Qh5 33. Re3 Rc7 34. Rb1 Bh8
35. Nf2 a6 36. a4 Na7 37. Rb8+ Nc8 38. Rxc8+ Rxc8 39. Qxe7+ Kg7 40. Qf6+ Kf8 41.
Qxd6+ Kg7 42. Qf6+ Kf8 43. Qe7+ Kg7 44. Qf6+ Kf8 45. Qe7+ Kg7 46. Qf6+ {Game
drawn by repetition} 1/2-1/2